TOP OF THE 1ST |
Winnipeg Goldeyes batting - Pitching for Canton Indians : LHP Eduardo Alvarez
|
Pitching: LHP Eduardo Alvarez
|
|
Batting: LHB Ryuuichi Shintani
|
0-0: TRIPLE (Flyball, 8RXD, EV 97.5 MPH)
|
Pinch Runner at 3rd Itocravo Arrochela:
|
|
Batting: RHB Josh Harmon
|
0-0: Ball 1-0: Foul Ball, location: 2F 1-1: SINGLE (Groundball, 4M, EV 100.6 MPH) (infield hit) Itocravo Arrochela scores
|
Batting: RHB Alexandre Garcia
|
0-0: Swinging Strike 0-1: 2-RUN HOME RUN (Flyball, 9D, EV 98.1 MPH), Distance : 385 ft
|
Batting: RHB Terry Oetker
|
0-0: Called Strike 0-1: Ball 1-1: Foul Ball, location: 2F 1-2: Strikes out swinging
|
Batting: RHB Hisao Takei
|
0-0: SINGLE (Line Drive, 89S, EV 109.4 MPH)
|
Batting: SHB Ed Mosqueda
|
0-0: Foul Ball, location: 2F 0-1: Ball 1-1: Ball 2-1: Fly out, F8 (Flyball, 8RM, EV 91.9 MPH)
|
Batting: LHB Jose Hilario
|
0-0: Called Strike 0-1: Ball 1-1: Called Strike 1-2: Ball 2-2: Foul Ball, location: 2F 2-2: Ball 3-2: Strikes out swinging
|
Top of the 1st over - 3 runs, 4 hits, 0 errors, 1 left on base; Winnipeg 3 - Canton 0 |
BOTTOM OF THE 1ST |
Canton Indians batting - Pitching for Winnipeg Goldeyes : LHP Eduardo Lopez
|
Pitching: LHP Eduardo Lopez
|
|
Now at 2B: George Roben
|
|
Batting: RHB George Wagner
|
0-0: Ground out 4-3 (Groundball, 34, EV 100.0 MPH)
|
Batting: RHB Josh Patterson
|
0-0: Called Strike 0-1: Called Strike 0-2: Foul Ball, location: 2F 0-2: Foul Ball, location: 2F 0-2: Ball 1-2: Ball 2-2: Ball 3-2: Foul Ball, location: 2F 3-2: Base on Balls
|
Batting: RHB Jose Rodriguez
|
0-0: Called Strike 0-1: Reached on error, E4 (Groundball, 4, EV 80.0 MPH) Josh Patterson to second
|
Batting: RHB Leo Villa
|
0-0: Fly out, F7 (Flyball, 7, EV 93.1 MPH)
|
Batting: RHB Charles Blatchford
|
0-0: Ground out 4-3 (Groundball, 34, EV 108.1 MPH)
|
Bottom of the 1st over - 0 runs, 0 hits, 1 error, 2 left on base; Winnipeg 3 - Canton 0 |
TOP OF THE 2ND |
Winnipeg Goldeyes batting - Pitching for Canton Indians : LHP Eduardo Alvarez
|
Batting: RHB Nestor Moreno
|
0-0: Ball 1-0: Ball 2-0: Ball 3-0: Base on Balls
|
Batting: RHB Chris Bejarano
|
0-0: Called Strike 0-1: DOUBLE (Flyball, 78D, EV 106.2 MPH) Nestor Moreno to third
|
Batting: LHB George Roben
|
0-0: Called Strike 0-1: Called Strike 0-2: Foul Ball, location: 2F 0-2: Ball 1-2: Ball 2-2: Ball 3-2: Foul Ball, location: 2F 3-2: Fly out, F8 (Flyball, 8LD, EV 89.4 MPH) Runner from 3rd tags up, SCORES, no throw by CF
|
Batting: RHB Josh Harmon
|
0-0: Swinging Strike 0-1: Swinging Strike 0-2: Strikes out looking
|
Batting: RHB Alexandre Garcia
|
0-0: Ball 1-0: Ball 2-0: Foul Ball, location: 2F 2-1: Ball 3-1: Base on Balls
|
Batting: RHB Terry Oetker
|
0-0: Ball 1-0: Ball 2-0: Called Strike 2-1: Fly out, F8 (Flyball, 8LD, EV 102.5 MPH)
|
Top of the 2nd over - 1 run, 1 hit, 0 errors, 2 left on base; Winnipeg 4 - Canton 0 |
BOTTOM OF THE 2ND |
Canton Indians batting - Pitching for Winnipeg Goldeyes : LHP Eduardo Lopez
|
Batting: RHB Tacito Carreiro
|
0-0: Called Strike 0-1: Ball 1-1: Ball 2-1: Foul Ball, location: 2F 2-2: Strikes out swinging
|
Batting: RHB Ruben Irizarry
|
0-0: Ball 1-0: Ball 2-0: Ball 3-0: Called Strike 3-1: Foul Ball, location: 2F 3-2: Base on Balls
|
Batting: RHB Quan Tai
|
0-0: Fielders Choice at 2nd, 4-6 (Groundball, 13, EV 87.5 MPH)
|
Batting: RHB Aubrey Regimbald
|
0-0: Ball 1-0: Ball 2-0: Called Strike 2-1: Ball 3-1: Foul Ball, location: 2F 3-2: Strikes out swinging
|
Bottom of the 2nd over - 0 runs, 0 hits, 0 errors, 1 left on base; Winnipeg 4 - Canton 0 |
TOP OF THE 3RD |
Winnipeg Goldeyes batting - Pitching for Canton Indians : LHP Eduardo Alvarez
|
Batting: RHB Hisao Takei
|
0-0: Foul Ball, location: 2F 0-1: Foul Ball, location: 2F 0-2: Foul Ball, location: 2F 0-2: Strikes out swinging
|
Batting: SHB Ed Mosqueda
|
0-0: Ball 1-0: Called Strike 1-1: Ball 2-1: Ball 3-1: Swinging Strike 3-2: Base on Balls
|
Batting: LHB Jose Hilario
|
0-0: Ball 1-0: Ball 2-0: Ball 3-0: Base on Balls Ed Mosqueda to second
|
Batting: RHB Nestor Moreno
|
0-0: Fly out, F9 (Flyball, 89D, EV 85.0 MPH) Runner from 2nd tags up, SAFE at 3rd, no throw by RF
|
Batting: RHB Chris Bejarano
|
0-0: Called Strike 0-1: Called Strike 0-2: Ball 1-2: Strikes out swinging
|
Top of the 3rd over - 0 runs, 0 hits, 0 errors, 2 left on base; Winnipeg 4 - Canton 0 |
BOTTOM OF THE 3RD |
Canton Indians batting - Pitching for Winnipeg Goldeyes : LHP Eduardo Lopez
|
Batting: RHB George Wagner
|
0-0: Foul Ball, location: 2F 0-1: Foul Ball, location: 2F 0-2: Strikes out swinging
|
Batting: RHB Josh Patterson
|
0-0: Called Strike 0-1: Ball 1-1: Ball 2-1: SINGLE (Line Drive, 8RS, EV 100.0 MPH)
|
Batting: RHB Jose Rodriguez
|
0-0: Called Strike 0-1: Fly out, F4 (Popup, 4, EV 56.2 MPH)
|
Batting: RHB Leo Villa
|
0-0: Swinging Strike 0-1: Ball 1-1: Ball 2-1: Foul Ball, location: 2F 2-2: Fly out, F9 (Line Drive, 9D, EV 94.4 MPH)
|
Bottom of the 3rd over - 0 runs, 1 hit, 0 errors, 1 left on base; Winnipeg 4 - Canton 0 |
TOP OF THE 4TH |
Winnipeg Goldeyes batting - Pitching for Canton Indians : LHP Eduardo Alvarez
|
Batting: LHB George Roben
|
0-0: Ball 1-0: Ball 2-0: Ball 3-0: Base on Balls
|
Batting: RHB Josh Harmon
|
0-0: Called Strike 0-1: Hit by Pitch George Roben to second
|
Batting: RHB Alexandre Garcia
|
0-0: Ball 1-0: Ball 2-0: Swinging Strike 2-1: Foul Ball, location: 2F 2-2: Ball 3-2: SINGLE (Groundball, 56S, EV 61.2 MPH) (infield hit) George Roben to third Josh Harmon to second
|
Batting: RHB Terry Oetker
|
0-0: Ball 1-0: Called Strike 1-1: Foul Ball, location: 2F 1-2: Ball 2-2: Foul Ball, location: 2F 2-2: Ball 3-2: Strikes out swinging
|
Batting: RHB Hisao Takei
|
0-0: Foul Ball, location: 2F 0-1: Foul Ball, location: 2F 0-2: Foul Ball, location: 2F 0-2: Ball 1-2: Ball 2-2: Strikes out swinging
|
Batting: SHB Ed Mosqueda
|
0-0: Called Strike 0-1: Ball 1-1: Foul Ball, location: 2F 1-2: Foul Ball, location: 2F 1-2: Ball 2-2: Ball 3-2: Strikes out swinging
|
Top of the 4th over - 0 runs, 1 hit, 0 errors, 3 left on base; Winnipeg 4 - Canton 0 |
BOTTOM OF THE 4TH |
Canton Indians batting - Pitching for Winnipeg Goldeyes : LHP Eduardo Lopez
|
Batting: RHB Charles Blatchford
|
0-0: Ball 1-0: Called Strike 1-1: Ball 2-1: SINGLE (Groundball, 6MD, EV 105.6 MPH)
|
Batting: RHB Tacito Carreiro
|
0-0: Called Strike 0-1: Swinging Strike 0-2: Ball 1-2: Strikes out swinging
|
Batting: RHB Ruben Irizarry
|
0-0: Called Strike 0-1: TRIPLE (Groundball, 3L, EV 106.2 MPH) Charles Blatchford scores
|
Batting: RHB Quan Tai
|
0-0: Ball 1-0: Foul Ball, location: 2F 1-1: Called Strike 1-2: Ball 2-2: Strikes out swinging
|
Batting: RHB Aubrey Regimbald
|
0-0: Ball 1-0: Foul Ball, location: 2F 1-1: Ball 2-1: Swinging Strike 2-2: Ground out 5-3 (Groundball, 5, EV 86.2 MPH)
|
Bottom of the 4th over - 1 run, 2 hits, 0 errors, 1 left on base; Winnipeg 4 - Canton 1 |
TOP OF THE 5TH |
Winnipeg Goldeyes batting - Pitching for Canton Indians : LHP Eduardo Alvarez
|
Batting: LHB Jose Hilario
|
0-0: Ball 1-0: Ball 2-0: Ball 3-0: Base on Balls
|
Batting: RHB Nestor Moreno
|
0-0: Ball 1-0: Called Strike 1-1: Fielders Choice at 2nd, 5-4 (Groundball, 5S, EV 85.0 MPH)
|
Pitching: RHP Yann Jarry
|
|
Batting: RHB Chris Bejarano
|
0-0: Ball 1-0: DOUBLE (Line Drive, 8RXD, EV 106.9 MPH) Nestor Moreno to third Runner from 3rd tries for Home, SAFE, no throw by CF
|
Batting: LHB George Roben
|
0-0: Foul Ball, location: 2F 0-1: Called Strike 0-2: Ball 1-2: Strikes out swinging
|
Batting: RHB Josh Harmon
|
0-0: Called Strike 0-1: Swinging Strike 0-2: Ball 1-2: Foul Ball, location: 2F 1-2: Strikes out swinging
|
Top of the 5th over - 1 run, 1 hit, 0 errors, 1 left on base; Winnipeg 5 - Canton 1 |
BOTTOM OF THE 5TH |
Canton Indians batting - Pitching for Winnipeg Goldeyes : LHP Eduardo Lopez
|
Batting: RHB George Wagner
|
0-0: Ball 1-0: Ball 2-0: Called Strike 2-1: Ball 3-1: Base on Balls
|
Batting: RHB Josh Patterson
|
0-0: Foul Ball, location: 2F 0-1: Grounds into double play, 6-4-3 (Groundball, 6S, EV 86.9 MPH)
|
Batting: RHB Jose Rodriguez
|
0-0: Foul Ball, location: 2F 0-1: Ball 1-1: Foul Ball, location: 2F 1-2: Foul Ball, location: 2F 1-2: Strikes out swinging
|
Bottom of the 5th over - 0 runs, 0 hits, 0 errors, 0 left on base; Winnipeg 5 - Canton 1 |
TOP OF THE 6TH |
Winnipeg Goldeyes batting - Pitching for Canton Indians : RHP Yann Jarry
|
Batting: RHB Alexandre Garcia
|
0-0: Ball 1-0: Ball 2-0: Ball 3-0: Base on Balls
|
Batting: RHB Terry Oetker
|
0-0: Ball 1-0: Called Strike 1-1: Hit by Pitch Alexandre Garcia to second
|
Batting: RHB Hisao Takei
|
0-0: Ball 1-0: Ball 2-0: Ball 3-0: Called Strike 3-1: Base on Balls Alexandre Garcia to third Terry Oetker to second
|
Batting: SHB Ed Mosqueda
|
0-0: Foul Ball, location: 2F 0-1: SINGLE (Groundball, 34D, EV 105.0 MPH) Alexandre Garcia scores Terry Oetker to third Hisao Takei to second
|
Batting: LHB Jose Hilario
|
0-0: Called Strike 0-1: Ball 1-1: Ball 2-1: TRIPLE (Flyball, 89XD, EV 98.8 MPH) Terry Oetker scores Hisao Takei scores Ed Mosqueda scores
|
Pitching: RHP David Aldape
|
|
Batting: RHB Nestor Moreno
|
0-0: Swinging Strike 0-1: Ball 1-1: Called Strike 1-2: Strikes out swinging
|
Batting: RHB Chris Bejarano
|
0-0: Called Strike 0-1: Ball 1-1: Called Strike 1-2: Ground out 6-3 (Groundball, 6, EV 80.0 MPH) Jose Hilario scores
|
Batting: LHB George Roben
|
0-0: Ball 1-0: Ball 2-0: Called Strike 2-1: Foul Ball, location: 2F 2-2: Foul Ball, location: 2F 2-2: Strikes out looking
|
Top of the 6th over - 5 runs, 2 hits, 0 errors, 0 left on base; Winnipeg 10 - Canton 1 |
BOTTOM OF THE 6TH |
Canton Indians batting - Pitching for Winnipeg Goldeyes : LHP Eduardo Lopez
|
Batting: RHB Leo Villa
|
0-0: Swinging Strike 0-1: Ball 1-1: Called Strike 1-2: Strikes out looking
|
Batting: RHB Charles Blatchford
|
0-0: Ball 1-0: Ball 2-0: SINGLE (Line Drive, 89M, EV 93.8 MPH)
|
Batting: RHB Tacito Carreiro
|
0-0: Fly out, F8 (Flyball, 8LD, EV 91.9 MPH)
|
Batting: RHB Ruben Irizarry
|
0-0: Ball 1-0: Foul Ball, location: 2F 1-1: Ball 2-1: Foul Ball, location: 2F 2-2: Ball 3-2: 2-RUN HOME RUN (Flyball, 78XD, EV 106.9 MPH), Distance : 425 ft
|
Batting: RHB Quan Tai
|
0-0: Ground out 4-3 (Groundball, 4M, EV 78.8 MPH)
|
Bottom of the 6th over - 2 runs, 2 hits, 0 errors, 0 left on base; Winnipeg 10 - Canton 3 |
TOP OF THE 7TH |
Winnipeg Goldeyes batting - Pitching for Canton Indians : RHP David Aldape
|
Batting: RHB Josh Harmon
|
0-0: Called Strike 0-1: Ground out 5-3 (Groundball, 56S, EV 77.5 MPH)
|
Batting: RHB Alexandre Garcia
|
0-0: Ball 1-0: Foul Ball, location: 2F 1-1: Ball 2-1: Fly out, F9 (Flyball, 9D, EV 101.9 MPH)
|
Batting: RHB Terry Oetker
|
0-0: Ball 1-0: Foul Ball, location: 2F 1-1: Ball 2-1: Foul Ball, location: 2F 2-2: Ball 3-2: Strikes out swinging
|
Top of the 7th over - 0 runs, 0 hits, 0 errors, 0 left on base; Winnipeg 10 - Canton 3 |
BOTTOM OF THE 7TH |
Canton Indians batting - Pitching for Winnipeg Goldeyes : LHP Eduardo Lopez
|
Batting: RHB Aubrey Regimbald
|
0-0: DOUBLE (Line Drive, 8RXD, EV 98.8 MPH)
|
Pinch Hitting: RHB Juan Ordonez
|
0-0: Ball 1-0: Called Strike 1-1: Ball 2-1: Swinging Strike 2-2: Foul Ball, location: 2F 2-2: Foul Ball, location: 2F 2-2: Foul Ball, location: 2F 2-2: Strikes out swinging
|
Pinch Hitting: RHB Manuel de los Santos
|
0-0: Ball 1-0: Ball 2-0: Called Strike 2-1: Fly out, F9 (Flyball, 9D, EV 99.4 MPH) Runner from 2nd tags up, SAFE at 3rd, no throw by RF
|
Pitching: RHP Danny Lucero
|
|
Batting: RHB Jose Rodriguez
|
0-0: Ball 1-0: Called Strike 1-1: Ball 2-1: Swinging Strike 2-2: Ball 3-2: SINGLE (Groundball, 56D, EV 110.6 MPH) Aubrey Regimbald scores
|
Batting: RHB Leo Villa
|
0-0: Ball 1-0: Ball Jose Rodriguez is caught stealing 2nd base 2-4
|
Bottom of the 7th over - 1 run, 2 hits, 0 errors, 0 left on base; Winnipeg 10 - Canton 4 |
TOP OF THE 8TH |
Winnipeg Goldeyes batting - Pitching for Canton Indians : RHP David Aldape
|
Now at 3B: Manuel de los Santos
|
|
Now in CF: Juan Ordonez
|
|
Batting: RHB Hisao Takei
|
0-0: Ball 1-0: Called Strike 1-1: Called Strike 1-2: Strikes out swinging
|
Batting: SHB Ed Mosqueda
|
0-0: Ball 1-0: Ball 2-0: Swinging Strike 2-1: Swinging Strike 2-2: Strikes out swinging
|
Batting: LHB Jose Hilario
|
0-0: Foul Ball, location: 2F 0-1: Swinging Strike 0-2: Strikes out swinging
|
Top of the 8th over - 0 runs, 0 hits, 0 errors, 0 left on base; Winnipeg 10 - Canton 4 |
BOTTOM OF THE 8TH |
Canton Indians batting - Pitching for Winnipeg Goldeyes : RHP Danny Lucero
|
Batting: RHB Leo Villa
|
0-0: Called Strike 0-1: Ball 1-1: Foul Ball, location: 2F 1-2: Fly out, F9 (Flyball, 9LM, EV 81.2 MPH)
|
Batting: RHB Charles Blatchford
|
0-0: Ball 1-0: Called Strike 1-1: Foul Ball, location: 2F 1-2: SOLO HOME RUN (Flyball, 7D, EV 95.6 MPH), Distance : 383 ft
|
Pitching: RHP Olegário Salsinha
|
|
Batting: RHB Tacito Carreiro
|
0-0: Ball 1-0: Swinging Strike 1-1: Swinging Strike 1-2: Foul Ball, location: 2F 1-2: Strikes out swinging
|
Batting: RHB Ruben Irizarry
|
0-0: Called Strike 0-1: SINGLE (Groundball, 34D, EV 94.4 MPH)
|
Batting: RHB Quan Tai
|
0-0: Ball 1-0: Foul Ball, location: 2F 1-1: Ball 2-1: Ball 3-1: Swinging Strike 3-2: Base on Balls Ruben Irizarry to second
|
Pinch Hitting: LHB Dorian Oram
|
0-0: Fielders Choice at 2nd, U6 (Groundball, 6M, EV 81.2 MPH)
|
Bottom of the 8th over - 1 run, 2 hits, 0 errors, 2 left on base; Winnipeg 10 - Canton 5 |
TOP OF THE 9TH |
Winnipeg Goldeyes batting - Pitching for Canton Indians : RHP David Aldape
|
Now at 2B: Patrick Pinault
|
|
Batting: RHB Nestor Moreno
|
0-0: Ball 1-0: Ball 2-0: Ball 3-0: Called Strike 3-1: Base on Balls
|
Batting: RHB Chris Bejarano
|
0-0: Called Strike Nestor Moreno is caught stealing 2nd base 2-4 0-1: SINGLE (Line Drive, 9LM, EV 105.0 MPH)
|
Batting: LHB George Roben
|
0-0: Ball Chris Bejarano steals 2nd base (no throw) 1-0: Ball 2-0: 2-RUN HOME RUN (Flyball, 9D, EV 93.8 MPH), Distance : 373 ft
|
Batting: RHB Josh Harmon
|
0-0: Ball 1-0: Called Strike 1-1: Ball 2-1: Ball 3-1: Base on Balls
|
Batting: RHB Alexandre Garcia
|
0-0: Ball 1-0: Called Strike 1-1: Foul Ball, location: 2F 1-2: Strikes out swinging
|
Batting: RHB Terry Oetker
|
0-0: Swinging Strike 0-1: Swinging Strike 0-2: Ball 1-2: Ball Wild Pitch! Josh Harmon to second 2-2: Ground out 4-3 (Groundball, 4, EV 90.6 MPH)
|
Top of the 9th over - 2 runs, 2 hits, 0 errors, 1 left on base; Winnipeg 12 - Canton 5 |
BOTTOM OF THE 9TH |
Canton Indians batting - Pitching for Winnipeg Goldeyes : RHP Olegário Salsinha
|
Pinch Hitting: RHB Cruz Castro
|
0-0: Called Strike 0-1: Foul Ball, location: 2F 0-2: Fly out, F9 (Flyball, 89S, EV 94.4 MPH)
|
Batting: RHB Manuel de los Santos
|
0-0: Reached via error on a dropped throw from 2B, E3 (Groundball, 4, EV 101.9 MPH)
|
Batting: RHB Jose Rodriguez
|
0-0: Called Strike 0-1: Swinging Strike 0-2: Ball 1-2: Ball 2-2: Foul Ball, location: 2F 2-2: Strikes out swinging
|
Batting: RHB Leo Villa
|
0-0: Called Strike 0-1: Swinging Strike 0-2: Ball 1-2: Foul Ball, location: 2F 1-2: Ball Wild Pitch! Manuel de los Santos to second 2-2: Ball 3-2: Foul Ball, location: 2F 3-2: Foul Ball, location: 2F 3-2: Base on Balls
|
Batting: RHB Charles Blatchford
|
0-0: Ball 1-0: Ball 2-0: Fielders Choice at 2nd, 5-4 (Groundball, 5L, EV 84.4 MPH)
|
Bottom of the 9th over - 0 runs, 0 hits, 1 error, 2 left on base; Winnipeg 12 - Canton 5 |
|